2952 views
Uploaded 2020-04-09 17:26:52
Game version 1.32.3
12:17 long 1on1 custom game on (2)Amazonia
Game name "never3"
Saved by Dziango
2952 views
Uploaded 2020-04-09 17:26:52
Game version 1.32.3
12:17 long 1on1 custom game on (2)Amazonia
Game name "never3"
21 units @ 3k
/ 0.3k
11 buildings @ 1.8k
/ 0.7k


| Rod of Necromancy | 3 | 450 |
| Orb of Corruption | 1 | 375 |
| Potion of Lesser Invulnerability | 1 | 150 |
| total: | 5 | 975g |
| Acolyte | 3 | 225 | / | 0 |
| Ghoul | 11 | 1320 | / | 0 |
| Crypt Fiend | 2 | 430 | / | 80 |
| Obsidian Statue | 5 | 1000 | / | 175 |
| total: | 21 | 2975g | / | 255w |
| Nerubian Tower | 1 | 100 | / | 20 |
| Altar of Darkness | 1 | 180 | / | 50 |
| Crypt | 1 | 200 | / | 50 |
| Ziggurat | 5 | 750 | / | 250 |
| Tomb of Relics | 1 | 130 | / | 30 |
| Graveyard | 1 | 215 | / | 0 |
| Slaughterhouse | 2 | 280 | / | 270 |
| Halls of the Dead | 1 | 320 | / | 210 |
| Black Citadel | 1 | 325 | / | 230 |
| total: | 11 | 1755g | / | 650w |
| 0:03 | Acolyte |
| 0:08 | Altar of Darkness |
| 0:10 | Crypt |
| 0:15 | Acolyte |
| 0:34 | Ziggurat |
| 0:43 | Acolyte |
| 1:00 | Tomb of Relics |
| 1:12 | Ghoul |
| 1:30 | Ziggurat |
| 1:35 | Ghoul |
| 1:47 | Nerubian Tower |
| 1:57 | Ghoul |
| 2:09 | Ghoul |
| 2:22 | Death Coil |
| 2:27 | Rod of Necromancy |
| 2:55 | Graveyard |
| 3:17 | Halls of the Dead |
| 3:31 | Unholy Aura |
| 3:39 | Ziggurat |
| 4:18 | Crypt Fiend |
| 4:32 | Crypt Fiend |
| 4:46 | Ghoul |
| 4:49 | Creature Attack |
| 4:56 | Unholy Strength |
| 5:00 | Ghoul |
| 5:09 | Rod of Necromancy |
| 5:18 | Ghoul |
| 5:57 | Black Citadel |
| 6:33 | Slaughterhouse |
| 6:37 | Frost Nova |
| 6:42 | Slaughterhouse |
| 6:58 | Ziggurat |
| 7:01 | Ghoul |
| 7:05 | Death Coil |
| 7:42 | Obsidian Statue |
| 8:09 | Obsidian Statue |
| 8:20 | Destroyer Form |
| 8:24 | Ghoul Frenzy |
| 8:51 | Orb of Corruption |
| 8:53 | Rod of Necromancy |
| 9:01 | Obsidian Statue |
| 9:23 | Ziggurat |
| 9:36 | Dark Ritual |
| 9:41 | Obsidian Statue |
| 10:21 | Potion of Lesser Invulnerability |
| 10:55 | Obsidian Statue |
| 11:55 | Ghoul |
| 11:55 | Ghoul |
| 11:55 | Ghoul |
19 units @ 3.3k
/ 0.5k
10 buildings @ 1.6k
/ 0.5k


| Rod of Necromancy | 3 | 450 |
| Orb of Corruption | 1 | 375 |
| Potion of Healing | 1 | 150 |
| Potion of Mana | 1 | 200 |
| Potion of Lesser Invulnerability | 1 | 150 |
| total: | 7 | 1325g |
| Acolyte | 3 | 225 | / | 0 |
| Ghoul | 3 | 360 | / | 0 |
| Crypt Fiend | 8 | 1720 | / | 320 |
| Obsidian Statue | 5 | 1000 | / | 175 |
| total: | 19 | 3305g | / | 495w |
| Ziggurat | 5 | 750 | / | 250 |
| Altar of Darkness | 1 | 180 | / | 50 |
| Crypt | 1 | 200 | / | 50 |
| Tomb of Relics | 1 | 130 | / | 30 |
| Graveyard | 1 | 215 | / | 0 |
| Slaughterhouse | 1 | 140 | / | 135 |
| Halls of the Dead | 1 | 320 | / | 210 |
| Black Citadel | 1 | 325 | / | 230 |
| total: | 10 | 1615g | / | 515w |
| 0:01 | Acolyte |
| 0:03 | Ziggurat |
| 0:05 | Altar of Darkness |
| 0:10 | Acolyte |
| 0:32 | Crypt |
| 0:41 | Acolyte |
| 1:00 | Tomb of Relics |
| 1:17 | Graveyard |
| 1:33 | Ghoul |
| 1:58 | Ghoul |
| 2:06 | Rod of Necromancy |
| 2:08 | Death Coil |
| 2:35 | Ghoul |
| 2:53 | Halls of the Dead |
| 3:28 | Ziggurat |
| 3:38 | Unholy Aura |
| 3:52 | Ziggurat |
| 4:23 | Crypt Fiend |
| 4:48 | Rod of Necromancy |
| 4:56 | Crypt Fiend |
| 5:16 | Black Citadel |
| 5:19 | Death Coil |
| 5:58 | Slaughterhouse |
| 6:10 | Crypt Fiend |
| 6:37 | Burrow |
| 6:41 | Frost Nova |
| 7:02 | Ziggurat |
| 7:09 | Creature Attack |
| 7:28 | Rod of Necromancy |
| 7:34 | Obsidian Statue |
| 7:37 | Orb of Corruption |
| 8:07 | Obsidian Statue |
| 8:25 | Potion of Lesser Invulnerability |
| 8:28 | Dark Ritual |
| 8:29 | Crypt Fiend |
| 9:00 | Crypt Fiend |
| 9:04 | Creature Carapace |
| 9:30 | Obsidian Statue |
| 9:33 | Ziggurat |
| 10:02 | Unholy Aura |
| 10:05 | Frost Nova |
| 10:12 | Destroyer Form |
| 10:33 | Web |
| 11:14 | Obsidian Statue |
| 11:27 | Potion of Healing |
| 11:31 | Crypt Fiend |
| 11:42 | Crypt Fiend |
| 12:07 | Potion of Mana |
| 12:12 | Crypt Fiend |
| 12:14 | Obsidian Statue |